 Dungeon Crawl Stone Soup version 0.20.1-1-g8b1a95d (webtiles) character file.

20747 ucho the Severer (level 12, -1/113 HPs)
             Began as a Minotaur Berserker on Nov 28, 2017.
             Was a High Priest of Trog.
             Succumbed to a redback's poison
             ... on level 12 of the Dungeon.
             The game lasted 01:01:02 (12088 turns).

ucho the Severer (Minotaur Berserker)              Turns: 12088, Time: 01:01:03

Health: -1/113     AC: 16    Str: 26    XL:     12   Next: 48%
Magic:  11/11      EV:  9    Int:  4    God:    Trog [*****.]
Gold:   340        SH:  0    Dex:  9    Spells: 11/11 levels left

rFire    . . .     SeeInvis .   M - +5 war axe (curse)
rCold    . . .     Gourm    .   (no shield)
rNeg     . . .     Faith    .   D - +3 chain mail
rPois    +         Spirit   .   (helmet restricted)
rElec    .         Reflect  .   n - +0 cloak
rCorr    .         Harm     .   (no gloves)
MR       .....                  (no boots)
Stlth    ..........             (no amulet)
Regen    0.3/turn               w - ring of poison resistance
MPRegen  0.2/turn               m - -2 ring of dexterity (curse)

@: lethally poisoned (-1 -> -35), berserk cooldown, very slightly contaminated,
slowed, very slow
A: retaliatory headbutt, horns 2
a: Berserk, Trog's Hand, Brothers in Arms, Burn Spellbooks, Renounce Religion


You were on level 12 of the Dungeon.
You worshipped Trog.
Trog was extremely pleased with you.
You were hungry.

You visited 2 branches of the dungeon, and saw 13 of its levels.
You also visited: Labyrinth.

You collected 557 gold pieces.
You spent 217 gold pieces at shops.

Inventory:

Hand Weapons
 d - a +0 war axe
 t - a +1 battleaxe of chopping
 B - a +0 battleaxe
 M - a cursed +5 war axe (weapon)
 P - a +2 war axe of venom
Missiles
 I - a throwing net (quivered)
Armour
 f - a +0 shield
 n - a +0 cloak (worn)
 D - a +3 chain mail (worn)
Jewellery
 m - a cursed -2 ring of dexterity (right hand)
 w - a ring of poison resistance (left hand)
Wands
 c - a wand of disintegration (0/24)
 j - a wand of disintegration (5/24)
 E - a wand of enslavement (11/24)
 L - a wand of disintegration (5/24)
 W - a wand of scattershot (0/9)
 X - a wand of confusion (17/48)
 Z - a wand of flame (21/48)
Scrolls
 g - 2 scrolls of fear
 h - a scroll of immolation
 k - 4 scrolls of teleportation
 p - a scroll of random uselessness {unknown}
 q - a scroll of recharging
 y - 2 scrolls of magic mapping {unknown}
 F - 2 scrolls of enchant armour
 H - a scroll of silence {unknown}
 N - 2 scrolls of identify
 Q - a scroll of acquirement {unknown}
 Y - 4 scrolls of enchant weapon {unknown}
Potions
 a - 5 potions of haste
 e - a potion of cancellation
 i - 10 potions of curing
 l - a potion of might
 o - 2 potions of berserk rage
 r - 3 potions of agility
 s - a potion of flight
 u - 2 potions of resistance {unknown}
 v - 4 potions of heal wounds
 z - a potion of invisibility {unknown}
 A - a potion of lignification
 C - 3 potions of mutation
 G - a potion of brilliance {unknown}
 K - 3 potions of degeneration {unknown}
 O - a potion of ambrosia {unknown}
Comestibles
 b - 7 meat rations
 x - 4 fruits
 J - 5 bread rations
 S - 6 chunks of flesh


   Skills:
 + Level 12.4 Fighting
 * Level 17.3 Axes
 + Level 12.2 Armour
 - Level 2.1 Dodging


You had 11 spell levels left.
You didn't know any spells.

Dungeon Overview and Level Annotations

Branches:
Dungeon (12/15)            Temple (1/1) D:7            Lair (0/6) D:9
    Orc (0/2) D:9

Altars:
Ashenzari
Cheibriados
Dithmenos
Elyvilon
Fedhas
Gozag
Hepliaklqana
Kikubaaqudgha
Makhleb
Nemelex Xobeh
Okawaru
Qazlal
Ru
Sif Muna
Trog
Uskayaw
Vehumet
Xom
Yredelemnul
Zin
The Shining One

Shops:
D:6 %   D:7 *![(


Innate Abilities, Weirdness & Mutations

You reflexively headbutt those who attack you in melee.
You have a pair of horns on your head.


Message History

The redback bites you.
* * * LOW HITPOINT WARNING * * *
Blink to where?
Press: ? - help, Dir - move target cursor, p - redback
As you read the scroll of blinking, it crumbles to dust.
The redback bites you but does no damage.
The redback barely misses you. The redback bites you.
* * * LOW HITPOINT WARNING * * *
Items here: "" [[ an uncursed amulet of magic regeneration a +3 scale mail of cold resistance; an amulet of magic regeneration a +0 plate armour The redback closely misses you.
You furiously retaliate!
You headbutt the redback. The redback bites you.
* * * LOW HITPOINT WARNING * * *
You are lethally poisoned!
The redback poisons you!
There is a stone staircase leading up here.
You die...

# #..............#...
#### #.......#.#รท##....
...# #.......#.#.##.###
##.# #.......#.....##
..># ###########...#
#..# ### ###.## #..#
##.## ##.###.#
ss%#####.#.########....#
...s....###..ss<@......#
.%.#####.#.#.###.#####.#
#.## #.#..##.##.# .# ###
#.#..##.##.# .
#.#####.##.# .#
##.###.###.. # ##...##
### #####


You could see 2 redbacks.

Vanquished Creatures
  A minotaur (Lab)
  The ghost of soepske the Protected, a journeyman MiFi of Qazlal (Lab)
  5 two-headed ogres
  2 unseen horrors
  Pikel (D:5)
  An ugly thing (D:12)
  2 cyclopes (D:11)
  3 centaur skeletons
  5 gargoyles
  A komodo dragon (D:12)
  2 trolls (D:10)
  3 hippogriffs
  6 redbacks (D:12)
  22 yaks
  2 vampire mosquitoes (D:10)
  2 wyverns (D:12)
  Menkaure (D:7)
  3 water moccasins
  3 black bears
  A sky beast (D:5)
  An ice beast (D:11)
  6 orc warriors
  6 phantoms
  2 ogres
  3 centaurs
  A crocodile (D:12)
  A big kobold (D:11)
  5 bullfrogs
  A wyvern skeleton (D:12)
  11 killer bees
  2 scorpions
  4 wights (D:10)
  6 electric eels (D:10)
  2 crimson imps
  2 centaur zombies
  A howler monkey (D:4)
  A quasit (D:9)
  A jelly (D:6)
  5 orc priests
  A bullfrog zombie (D:10)
  6 hounds
  12 orc wizards
  3 bullfrog skeletons
  2 iguanas
  5 worker ants
  A howler monkey skeleton (D:4)
  10 adders
  2 shadow imps
  2 oozes (D:5)
  An adder zombie (D:6)
  3 adder skeletons
  2 dart slugs
  5 leopard geckos
  32 orcs
  2 ball pythons (D:3)
  3 bats
  3 giant cockroaches
  5 goblins
  9 hobgoblins
  7 jackals
  5 quokkas
  A ball python skeleton (D:4)
  2 frilled lizards (D:1)
  12 kobolds
  A quokka skeleton (D:8)
  6 rats
271 creatures vanquished.

Vanquished Creatures (others)
  A sky beast (D:5)
  A hound (D:5)
  A giant cockroach (D:5)
  3 jackals (D:5)
  2 fungi (D:4)
  A plant (D:10)
9 creatures vanquished.

Grand Total: 280 creatures vanquished

Notes
Turn   | Place    | Note
-------+----------+-------------------------------------------
     0 | D:1      | ucho the Minotaur Berserker began the quest for the Orb.
     0 | D:1      | Reached XP level 1. HP: 19/19 MP: 0/0
   232 | D:1      | Reached skill level 4 in Axes
   407 | D:1      | Reached XP level 2. HP: 26/26 MP: 1/1
  1171 | D:2      | Reached skill level 5 in Axes
  1171 | D:2      | Reached XP level 3. HP: 31/31 MP: 2/2
  1331 | D:2      | Reached ** piety under Trog
  2067 | D:3      | Reached skill level 6 in Axes
  2067 | D:3      | Reached XP level 4. HP: 39/39 MP: 3/3
  2091 | D:3      | Reached XP level 5. HP: 45/45 MP: 4/4
  2093 | D:3      | Reached skill level 7 in Axes
  2198 | D:3      | Found a sacrificial altar of Ru.
  2678 | D:4      | Reached XP level 6. HP: 52/52 MP: 5/5
  2821 | D:4      | Found a hazy altar of Hepliaklqana.
  2834 | D:4      | Reached *** piety under Trog
  3064 | D:4      | Found a white marble altar of Elyvilon.
  3211 | D:5      | Entered Level 5 of the Dungeon
  3242 | D:5      | Noticed a sky beast
  3252 | D:5      | Killed a sky beast
  3252 | D:5      | Reached skill level 8 in Axes
  3358 | D:5      | Noticed a slave
  3364 | D:5      | Noticed Pikel
  3366 | D:5      | Noticed a sky beast
  3368 | D:5      | Noticed a slave
  3370 | D:5      | Noticed a slave
  3372 | D:5      | Noticed a slave
  3377 | D:5      | Killed Pikel
  3377 | D:5      | Reached skill level 5 in Fighting
  3377 | D:5      | Reached skill level 9 in Axes
  3377 | D:5      | Reached XP level 7. HP: 62/62 MP: 6/6
  3397 | D:5      | Reached skill level 5 in Armour
  3674 | D:5      | Reached XP level 8. HP: 70/70 MP: 7/7
  3754 | D:5      | Reached skill level 10 in Axes
  3968 | D:6      | Found a bloodstained altar of Trog.
  4142 | D:6      | Found Pomod's Food Emporium.
  4294 | D:6      | Reached skill level 11 in Axes
  4690 | D:6      | Reached XP level 9. HP: 68/79 MP: 8/8
  4786 | D:7      | Found Refyt's Weapon Shoppe.
  4863 | D:7      | Reached **** piety under Trog
  4987 | D:7      | Found an opulent altar of Gozag.
  5011 | D:7      | Found Syatiah's General Store.
  5032 | D:7      | Found Jupumean's Distillery.
  5153 | D:7      | Found an iron altar of Okawaru.
  5251 | D:7      | Found Tarad's Antique Armour Shoppe.
  5267 | D:7      | Reached skill level 12 in Axes
  5309 | D:7      | Found a shattered altar of Ashenzari.
  5309 | D:7      | Noticed Menkaure
  5323 | D:7      | Killed Menkaure
  5540 | D:7      | Found a staircase to the Ecumenical Temple.
  5546 | Temple   | Entered the Ecumenical Temple
  5691 | D:7      | Bought a +1 battleaxe of chopping for 217 gold pieces
  5743 | D:8      | Found a glowing golden altar of the Shining One.
  5829 | D:8      | Got a faintly humming leather armour
  5852 | D:8      | Identified the cursed +1 leather armour "Cylludoc" {Int+2 Dex+2} (You found it on level 8 of the Dungeon)
  6252 | D:8      | Noticed a two-headed ogre
  6260 | D:8      | Killed a two-headed ogre
  6260 | D:8      | Reached skill level 13 in Axes
  6260 | D:8      | Reached XP level 10. HP: 90/90 MP: 9/9
  6981 | D:9      | Found a staircase to the Orcish Mines.
  7118 | D:9      | Found a staircase to the Lair.
  7275 | D:10     | Entered Level 10 of the Dungeon
  7291 | D:10     | Noticed a two-headed ogre
  7306 | D:10     | Killed a two-headed ogre
  7306 | D:10     | Reached skill level 14 in Axes
  7336 | D:10     | Reached skill level 10 in Fighting
  8353 | D:10     | Reached XP level 11. HP: 101/101 MP: 10/10
  8644 | D:10     | Reached skill level 10 in Armour
  8838 | D:10     | Killed an unseen horror
  8838 | D:10     | Reached skill level 15 in Axes
  9393 | D:11     | Noticed a two-headed ogre
  9399 | D:11     | Killed a two-headed ogre
  9433 | D:11     | Found a labyrinth entrance.
  9445 | Lab      | Entered a labyrinth
  9595 | Lab      | Noticed soepske's ghost (journeyman MiFi)
  9611 | Lab      | Killed soepske's ghost
 10004 | Lab      | Noticed a minotaur
 10011 | Lab      | Killed a minotaur
 10237 | D:11     | Reached skill level 16 in Axes
 10492 | D:11     | Reached ***** piety under Trog
 10493 | D:11     | Noticed a two-headed ogre
 10503 | D:11     | Killed a two-headed ogre
 10622 | D:11     | Reached XP level 12. HP: 43/111 MP: 11/11
 11205 | D:11     | Noticed a two-headed ogre
 11215 | D:11     | Killed a two-headed ogre
 11956 | D:12     | Reached skill level 17 in Axes
 12079 | D:12     | HP: 4/113 [redback (6)]
 12086 | D:12     | HP: 5/113 [redback (2)]
 12088 | D:12     | Succumbed to a redback's poison

Skill      XL: |  1  2  3  4  5  6  7  8  9 10 11 12 |
---------------+-------------------------------------+-----
Axes           | 4 5 6 7 9 11 13 14 16 17 | 17.3
Fighting       | 4 5 6 7 8 10 11 12 | 12.4
Armour         | 3 4 5 6 8 9 11 12 | 12.2
Dodging        | |  2.1

Action                   |  1- 3 |  4- 6 |  7- 9 | 10-12 || total
-------------------------+-------+-------+-------+-------++-------
Melee: Hand axe          |    89 |    10 |       |       ||    99
       Headbutt          |    11 |    16 |    40 |    93 ||   160
       War axe           |       |    72 |   163 |   348 ||   583
       Battleaxe         |       |       |    47 |    73 ||   120
Invok: Berserk           |     1 |     6 |     7 |    17 ||    31
       Trog's Hand       |       |     4 |     2 |     6 ||    12
       Burn Spellbooks   |       |     1 |       |     2 ||     3
Evoke: Wand              |       |       |     4 |     5 ||     9
  Use: Scroll            |       |     4 |    14 |     5 ||    23
  Eat: Royal jelly       |     1 |     1 |     2 |     2 ||     6
       Chunk             |     2 |     2 |     4 |    15 ||    23
       Fruit             |       |     1 |     1 |     3 ||     5
       Bread ration      |       |     2 |     1 |       ||     3
       Meat ration       |       |       |       |     3 ||     3
Armor: Animal skin       |     7 |       |       |       ||     7
       Leather armour    |     9 |     6 |     1 |       ||    16
       Scale mail        |       |    20 |    21 |       ||    41
       Chain mail        |       |       |    67 |   153 ||   220
Dodge: Dodged            |    53 |    34 |    76 |   127 ||   290
